| TOP OF THE 1ST |
|
Toledo Mud Hens batting - Pitching for Charlotte Knights : RHP Emilio Gonzalez
|
|
Pitching: RHP Emilio Gonzalez
|
|
|
Batting: LHB Bill Ford
|
0-0: Foul Ball, location: 2F 0-1: Fly out, F4 (Popup, 4S, EV 71.9 MPH)
|
|
Batting: RHB J.J. Basil
|
0-0: Foul Ball, location: 2F 0-1: Foul Ball, location: 2F 0-2: Ball 1-2: Ball 2-2: Foul Ball, location: 2F 2-2: Strikes out swinging
|
|
Batting: LHB Jon Frederick
|
0-0: Ball 1-0: Ball 2-0: Called Strike 2-1: Fly out, F8 (Line Drive, 78M, EV 91.2 MPH)
|
| Top of the 1st over - 0 runs, 0 hits, 0 errors, 0 left on base; Toledo 0 - Charlotte 0 |
| BOTTOM OF THE 1ST |
|
Charlotte Knights batting - Pitching for Toledo Mud Hens : RHP Wayne McAllister
|
|
Pitching: RHP Wayne McAllister
|
|
|
Batting: LHB John Thurman
|
0-0: Ball 1-0: Ball 2-0: Called Strike 2-1: Foul Ball, location: 2F 2-2: Ball 3-2: Strikes out swinging
|
|
Batting: LHB Carlos Ramirez
|
0-0: Ball 1-0: Foul Ball, location: 2F 1-1: Ground out 2-3 (Groundball, 2R, EV 63.8 MPH)
|
|
Batting: LHB Jason Bell
|
0-0: Ball 1-0: Foul Ball, location: 2F 1-1: Called Strike 1-2: Foul Ball, location: 2F 1-2: Ball 2-2: Strikes out swinging
|
| Bottom of the 1st over - 0 runs, 0 hits, 0 errors, 0 left on base; Toledo 0 - Charlotte 0 |
| TOP OF THE 2ND |
|
Toledo Mud Hens batting - Pitching for Charlotte Knights : RHP Emilio Gonzalez
|
|
Batting: RHB Dan Becvar
|
0-0: Ground out 6-3 (Groundball, 6M, EV 102.5 MPH)
|
|
Batting: RHB Brandon O'Malley
|
0-0: Called Strike 0-1: Foul Ball, location: 2F 0-2: Strikes out swinging
|
|
Batting: RHB Jamie Villagrana
|
0-0: Ball 1-0: Called Strike 1-1: Foul Ball, location: 2F 1-2: Foul Ball, location: 2F 1-2: Ball 2-2: Ball 3-2: Strikes out swinging
|
| Top of the 2nd over - 0 runs, 0 hits, 0 errors, 0 left on base; Toledo 0 - Charlotte 0 |
| BOTTOM OF THE 2ND |
|
Charlotte Knights batting - Pitching for Toledo Mud Hens : RHP Wayne McAllister
|
|
Batting: RHB Fletcher Easter
|
0-0: Called Strike 0-1: Foul Ball, location: 2F 0-2: Ball 1-2: Foul Ball, location: 2F 1-2: Foul Ball, location: 2F 1-2: Foul Ball, location: 2F 1-2: Foul Ball, location: 2F 1-2: Ball 2-2: Foul Ball, location: 2F 2-2: Foul Ball, location: 2F 2-2: Foul Ball, location: 2F 2-2: Ground out 6-3 (Groundball, 6, EV 86.2 MPH)
|
|
Batting: SHB Matt Childers
|
0-0: Called Strike 0-1: Ground out 4-3 (Groundball, 34D, EV 86.9 MPH)
|
|
Batting: LHB Adam Tarbutton
|
0-0: Called Strike 0-1: Called Strike 0-2: Ground out 5-3 (Groundball, 56S, EV 89.4 MPH)
|
| Bottom of the 2nd over - 0 runs, 0 hits, 0 errors, 0 left on base; Toledo 0 - Charlotte 0 |
| TOP OF THE 3RD |
|
Toledo Mud Hens batting - Pitching for Charlotte Knights : RHP Emilio Gonzalez
|
|
Batting: RHB Joel Miller
|
0-0: Foul Ball, location: 2F 0-1: Ball 1-1: Ball 2-1: Foul Ball, location: 2F 2-2: Ball 3-2: Ground out U3 (Groundball, 34, EV 80.6 MPH)
|
|
Batting: RHB Aaron Cusick
|
0-0: Ball 1-0: SINGLE (Groundball, 6MD, EV 101.9 MPH)
|
|
Batting: SHB Chris Wagler
|
0-0: Called Strike Aaron Cusick is caught stealing 2nd base 2-6 0-1: Ball 1-1: Ball 2-1: Ball 3-1: Base on Balls
|
|
Batting: LHB Bill Ford
|
0-0: Called Strike 0-1: Foul Ball, location: 2F 0-2: Ground out 4-3 (Groundball, 34, EV 78.1 MPH)
|
| Top of the 3rd over - 0 runs, 1 hit, 0 errors, 1 left on base; Toledo 0 - Charlotte 0 |
| BOTTOM OF THE 3RD |
|
Charlotte Knights batting - Pitching for Toledo Mud Hens : RHP Wayne McAllister
|
|
Batting: RHB Micah Brown
|
0-0: Called Strike 0-1: Ball 1-1: Foul Ball, location: 2F 1-2: Foul Ball, location: 2F 1-2: Ball 2-2: Ball 3-2: SINGLE (Groundball, 4MD, EV 103.1 MPH)
|
|
Batting: RHB Jeremy Hoffert
|
0-0: Ball 1-0: Called Strike 1-1: Ball 2-1: Called Strike 2-2: Ball 3-2: Base on Balls Micah Brown to second
|
|
Batting: RHB Steve Waltenbery
|
0-0: Fly out, F7 (Flyball, 7LS, EV 93.1 MPH)
|
|
Batting: LHB John Thurman
|
0-0: Foul Ball, location: 2F 0-1: Swinging Strike 0-2: Strikes out looking
|
|
Batting: LHB Carlos Ramirez
|
0-0: Ball 1-0: Foul Ball, location: 2F 1-1: Fly out, F3 (Line Drive, 3L, EV 70.6 MPH)
|
| Bottom of the 3rd over - 0 runs, 1 hit, 0 errors, 2 left on base; Toledo 0 - Charlotte 0 |
| TOP OF THE 4TH |
|
Toledo Mud Hens batting - Pitching for Charlotte Knights : RHP Emilio Gonzalez
|
|
Batting: RHB J.J. Basil
|
0-0: Ball 1-0: Ball 2-0: Called Strike 2-1: Ball 3-1: Fly out, F8 (Flyball, 8RXD, EV 98.1 MPH)
|
|
Batting: LHB Jon Frederick
|
0-0: Ball 1-0: Ball 2-0: Ball 3-0: Base on Balls
|
|
Batting: RHB Dan Becvar
|
0-0: Called Strike 0-1: Ball 1-1: SINGLE (Groundball, 56D, EV 95.6 MPH) Jon Frederick to second
|
|
Batting: RHB Brandon O'Malley
|
0-0: Called Strike 0-1: Ball 1-1: Ball 2-1: Foul Ball, location: 2F 2-2: Foul Ball, location: 2F 2-2: Ball 3-2: Foul Ball, location: 2F 3-2: Foul Ball, location: 2F 3-2: Strikes out swinging
|
|
Batting: RHB Jamie Villagrana
|
0-0: Called Strike 0-1: Ball 1-1: Called Strike 1-2: Strikes out swinging
|
| Top of the 4th over - 0 runs, 1 hit, 0 errors, 2 left on base; Toledo 0 - Charlotte 0 |
| BOTTOM OF THE 4TH |
|
Charlotte Knights batting - Pitching for Toledo Mud Hens : RHP Wayne McAllister
|
|
Batting: LHB Jason Bell
|
0-0: Fly out, F7 (Line Drive, 78M, EV 105.6 MPH)
|
|
Batting: RHB Fletcher Easter
|
0-0: Called Strike 0-1: Ball 1-1: Swinging Strike 1-2: SINGLE (Line Drive, 78S, EV 101.9 MPH)
|
|
Batting: SHB Matt Childers
|
0-0: Ball 1-0: Called Strike 1-1: SINGLE (Groundball, 4D, EV 105.6 MPH) Fletcher Easter to second Runner from 2nd tries for 3rd, OUT! 8-5
|
|
Batting: LHB Adam Tarbutton
|
0-0: Foul Ball, location: 2F 0-1: Ball 1-1: Fly out, F9 (Flyball, 9, EV 88.8 MPH)
|
| Bottom of the 4th over - 0 runs, 2 hits, 0 errors, 1 left on base; Toledo 0 - Charlotte 0 |
| TOP OF THE 5TH |
|
Toledo Mud Hens batting - Pitching for Charlotte Knights : RHP Emilio Gonzalez
|
|
Batting: RHB Joel Miller
|
0-0: Foul Ball, location: 2F 0-1: Foul Ball, location: 2F 0-2: Ball 1-2: Foul Ball, location: 2F 1-2: Foul Ball, location: 2F 1-2: Fly out, F8 (Flyball, 89M, EV 91.2 MPH)
|
|
Batting: RHB Aaron Cusick
|
0-0: Ball 1-0: Called Strike 1-1: SINGLE (Groundball, 6MD, EV 95.0 MPH)
|
|
Batting: SHB Chris Wagler
|
0-0: Called Strike 0-1: Foul Ball, location: 2F 0-2: Fly out, F7 (Flyball, 78S, EV 87.5 MPH)
|
|
Batting: LHB Bill Ford
|
0-0: Called Strike 0-1: Foul Ball, location: 2F 0-2: Foul Ball, location: 2F 0-2: Foul Ball, location: 2F 0-2: Ball 1-2: Ground out 4-3 (Groundball, 4S, EV 60.6 MPH)
|
| Top of the 5th over - 0 runs, 1 hit, 0 errors, 1 left on base; Toledo 0 - Charlotte 0 |
| BOTTOM OF THE 5TH |
|
Charlotte Knights batting - Pitching for Toledo Mud Hens : RHP Wayne McAllister
|
|
Batting: RHB Micah Brown
|
0-0: Called Strike 0-1: Ball 1-1: Ball 2-1: Foul Ball, location: 2F 2-2: Foul Ball, location: 2F 2-2: Ball 3-2: Foul Ball, location: 2F 3-2: Foul Ball, location: 2F 3-2: Foul Ball, location: 2F 3-2: Fly out, F8 (Flyball, 8LD, EV 102.5 MPH)
|
|
Batting: RHB Jeremy Hoffert
|
0-0: Swinging Strike 0-1: Foul Ball, location: 2F 0-2: Strikes out swinging
|
|
Batting: RHB Steve Waltenbery
|
0-0: Called Strike 0-1: Fly out, F1 (Line Drive, P, EV 65.0 MPH)
|
| Bottom of the 5th over - 0 runs, 0 hits, 0 errors, 0 left on base; Toledo 0 - Charlotte 0 |
| TOP OF THE 6TH |
|
Toledo Mud Hens batting - Pitching for Charlotte Knights : RHP Emilio Gonzalez
|
|
Batting: RHB J.J. Basil
|
0-0: Called Strike 0-1: Foul Ball, location: 2F 0-2: Foul Ball, location: 2F 0-2: Foul Ball, location: 2F 0-2: Ball 1-2: SINGLE (Flyball, 4MD, EV 87.5 MPH)
|
|
Batting: LHB Jon Frederick
|
0-0: Ball 1-0: Ball 2-0: Called Strike 2-1: Foul Ball, location: 2F 2-2: Foul Ball, location: 2F 2-2: Ground out U3 (Groundball, 3, EV 107.5 MPH) J.J. Basil to second
|
|
Batting: RHB Dan Becvar
|
0-0: Intentional Walk
|
|
Pitching: RHP Luis Castillo
|
|
|
Batting: RHB Brandon O'Malley
|
0-0: Called Strike 0-1: Ball 1-1: Ball 2-1: Swinging Strike 2-2: Strikes out swinging
|
|
Batting: RHB Jamie Villagrana
|
0-0: Ball 1-0: Ball 2-0: Called Strike 2-1: Called Strike 2-2: Foul Ball, location: 2F 2-2: Strikes out swinging
|
| Top of the 6th over - 0 runs, 1 hit, 0 errors, 2 left on base; Toledo 0 - Charlotte 0 |
| BOTTOM OF THE 6TH |
|
Charlotte Knights batting - Pitching for Toledo Mud Hens : RHP Wayne McAllister
|
|
Batting: LHB John Thurman
|
0-0: Swinging Strike 0-1: SINGLE (Line Drive, 34D, EV 97.5 MPH)
|
|
Batting: LHB Carlos Ramirez
|
0-0: Foul Ball, location: 2F 0-1: Ball 1-1: Ball 2-1: Swinging Strike 2-2: Foul Ball, location: 2F 2-2: Foul Ball, location: 2F 2-2: Foul Ball, location: 2F 2-2: Fly out, F6 (Popup, 4M, EV 60.6 MPH)
|
|
Batting: LHB Jason Bell
|
0-0: Fly out, F7 (Flyball, 7LMF, EV 85.0 MPH)
|
|
Batting: RHB Fletcher Easter
|
0-0: Ball 1-0: Ball 2-0: Foul Ball, location: 2F 2-1: Ball 3-1: Called Strike 3-2: Foul Ball, location: 2F 3-2: Base on Balls John Thurman to second
|
|
Batting: SHB Matt Childers
|
0-0: Ball 1-0: Swinging Strike 1-1: Ball 2-1: Foul Ball, location: 2F 2-2: Ball 3-2: Base on Balls John Thurman to third Fletcher Easter to second
|
|
Batting: LHB Adam Tarbutton
|
0-0: Fly out, F8 (Flyball, 8LM, EV 72.5 MPH)
|
| Bottom of the 6th over - 0 runs, 1 hit, 0 errors, 3 left on base; Toledo 0 - Charlotte 0 |
| TOP OF THE 7TH |
|
Toledo Mud Hens batting - Pitching for Charlotte Knights : RHP Luis Castillo
|
|
Batting: RHB Joel Miller
|
0-0: Ball 1-0: Called Strike 1-1: Ball 2-1: Ground out U3 (Groundball, 3L, EV 90.0 MPH)
|
|
Batting: RHB Aaron Cusick
|
0-0: Ball 1-0: Foul Ball, location: 2F 1-1: SINGLE (Groundball, 56D, EV 103.1 MPH)
|
|
Batting: SHB Chris Wagler
|
0-0: SINGLE (Groundball, 56, EV 100.0 MPH) Aaron Cusick to second
|
|
Batting: LHB Bill Ford
|
0-0: Foul Ball, location: 2F 0-1: SINGLE (Groundball, 34, EV 101.9 MPH) Aaron Cusick to third Chris Wagler to second Runner from 3rd tries for Home, SAFE, throw by RF to home
|
|
Batting: RHB J.J. Basil
|
0-0: Ball 1-0: Called Strike 1-1: Swinging Strike 1-2: Ball 2-2: Foul Ball, location: 2F 2-2: Grounds into double play, 6-4-3 (Groundball, 6, EV 82.5 MPH)
|
| Top of the 7th over - 1 run, 3 hits, 0 errors, 1 left on base; Toledo 1 - Charlotte 0 |
| BOTTOM OF THE 7TH |
|
Charlotte Knights batting - Pitching for Toledo Mud Hens : RHP Wayne McAllister
|
|
Batting: RHB Micah Brown
|
0-0: Called Strike 0-1: Called Strike 0-2: Foul Ball, location: 2F 0-2: Ground out 3-1 (Groundball, 34S, EV 91.2 MPH)
|
|
Batting: RHB Jeremy Hoffert
|
0-0: Called Strike 0-1: Ball 1-1: Ball 2-1: Foul Ball, location: 2F 2-2: SINGLE (Line Drive, 78S, EV 96.9 MPH)
|
|
Pitching: RHP Roberto Benavides
|
|
|
Pinch Hitting: LHB Joe Kirkland
|
0-0: Foul Ball, location: 2F 0-1: Ball 1-1: SINGLE (Groundball, 56S, EV 66.9 MPH) (infield hit) Jeremy Hoffert to second
|
|
Batting: LHB John Thurman
|
0-0: Called Strike 0-1: Swinging Strike 0-2: Ball 1-2: Foul Ball, location: 2F 1-2: Ball 2-2: Strikes out swinging
|
|
Batting: LHB Carlos Ramirez
|
0-0: Foul Ball, location: 2F 0-1: SINGLE (Groundball, 6MD, EV 93.8 MPH) Jeremy Hoffert to third Joe Kirkland to second Runner from 3rd tries for Home, throw by CF and OUT! 8-2
|
| Bottom of the 7th over - 0 runs, 3 hits, 0 errors, 2 left on base; Toledo 1 - Charlotte 0 |
| TOP OF THE 8TH |
|
Toledo Mud Hens batting - Pitching for Charlotte Knights : RHP Luis Castillo
|
|
Now at SS: Kikuo Sato
|
|
|
Batting: LHB Jon Frederick
|
0-0: Ball 1-0: Ball 2-0: Foul Ball, location: 2F 2-1: Ball 3-1: Base on Balls
|
|
Batting: RHB Dan Becvar
|
0-0: Ball 1-0: Ball 2-0: Called Strike 2-1: SINGLE (Line Drive, 9LM, EV 105.6 MPH) Jon Frederick to second
|
|
Batting: RHB Brandon O'Malley
|
0-0: Ball 1-0: Ball 2-0: Ball 3-0: Called Strike 3-1: Swinging Strike 3-2: Foul Ball, location: 2F 3-2: SINGLE (Line Drive, 78S, EV 104.4 MPH) Jon Frederick to third Dan Becvar to second Runner from 3rd tries for Home, SAFE, throw by LF to home
|
|
Batting: RHB Jamie Villagrana
|
0-0: Ball 1-0: Called Strike 1-1: Ball 2-1: Swinging Strike 2-2: Foul Ball, location: 2F 2-2: Ball 3-2: Grounds into double play, 5-4-3 (Groundball, 5, EV 84.4 MPH) Dan Becvar to third
|
|
Pitching: RHP Dave McGee
|
|
|
Batting: RHB Joel Miller
|
0-0: Ball 1-0: Ground out U3 (Groundball, 34S, EV 71.2 MPH)
|
| Top of the 8th over - 1 run, 2 hits, 0 errors, 1 left on base; Toledo 2 - Charlotte 0 |
| BOTTOM OF THE 8TH |
|
Charlotte Knights batting - Pitching for Toledo Mud Hens : RHP Roberto Benavides
|
|
Pitching: RHP Chris Kimura
|
|
|
Batting: LHB Jason Bell
|
0-0: Called Strike 0-1: Ball 1-1: Swinging Strike 1-2: Strikes out swinging
|
|
Batting: RHB Fletcher Easter
|
0-0: Foul Ball, location: 2F 0-1: Ball 1-1: Swinging Strike 1-2: Foul Ball, location: 2F 1-2: Strikes out swinging
|
|
Batting: SHB Matt Childers
|
0-0: Ball 1-0: Ground out 5-3 (Groundball, 15, EV 80.0 MPH)
|
| Bottom of the 8th over - 0 runs, 0 hits, 0 errors, 0 left on base; Toledo 2 - Charlotte 0 |
| TOP OF THE 9TH |
|
Toledo Mud Hens batting - Pitching for Charlotte Knights : RHP Dave McGee
|
|
Batting: RHB Aaron Cusick
|
0-0: Ball 1-0: Swinging Strike 1-1: Ball 2-1: Called Strike 2-2: Ball 3-2: Foul Ball, location: 2F 3-2: Base on Balls
|
|
Batting: SHB Chris Wagler
|
0-0: Foul Ball, location: 2F 0-1: Ball 1-1: Foul Ball, location: 2F 1-2: Foul Ball, location: 2F 1-2: Strikes out looking
|
|
Batting: LHB Bill Ford
|
0-0: Ball 1-0: Ball 2-0: Ball 3-0: Called Strike 3-1: Base on Balls Aaron Cusick to second
|
|
Batting: RHB J.J. Basil
|
0-0: Called Strike 0-1: Ball 1-1: SINGLE (Groundball, 6MD, EV 101.2 MPH) Aaron Cusick to third Bill Ford to second Runner from 3rd tries for Home, SAFE, throw by CF to home
|
|
Batting: LHB Jon Frederick
|
0-0: Called Strike 0-1: SINGLE (Groundball, 34D, EV 98.8 MPH) Bill Ford to third J.J. Basil to second Runner from 3rd tries for Home, SAFE, throw by RF to home
|
|
Batting: RHB Dan Becvar
|
0-0: Foul Ball, location: 2F 0-1: Ball 1-1: Ball J.J. Basil steals 3rd base (no throw) Jon Frederick to second 2-1: Intentional Walk
|
|
Batting: RHB Brandon O'Malley
|
0-0: Called Strike 0-1: Ball 1-1: Swinging Strike 1-2: Fly out, F8 (Line Drive, 8RM, EV 86.9 MPH) Runner from 3rd tags up, SCORES, throw by CF Jon Frederick to third
|
|
Pitching: RHP Brett Kitchen
|
|
|
Batting: RHB Jamie Villagrana
|
0-0: Called Strike 0-1: Ground out 4-3 (Groundball, 4, EV 81.2 MPH)
|
| Top of the 9th over - 3 runs, 2 hits, 0 errors, 2 left on base; Toledo 5 - Charlotte 0 |
| BOTTOM OF THE 9TH |
|
Charlotte Knights batting - Pitching for Toledo Mud Hens : RHP Chris Kimura
|
|
Batting: LHB Adam Tarbutton
|
0-0: Called Strike 0-1: Ball 1-1: Swinging Strike 1-2: Foul Ball, location: 2F 1-2: Ground out 4-3 (Groundball, 4, EV 81.2 MPH)
|
|
Batting: RHB Micah Brown
|
0-0: Ball 1-0: Ball 2-0: Ball 3-0: Base on Balls
|
|
Batting: RHB Jeremy Hoffert
|
0-0: Foul Ball, location: 2F 0-1: Foul Ball, location: 2F 0-2: Ball 1-2: Ball 2-2: Strikes out looking
|
|
Pitching: RHP Jason Mucci
|
|
|
Batting: RHB Kikuo Sato
|
0-0: Fielders Choice at 2nd, 5-4 (Groundball, 56, EV 86.2 MPH)
|
| Bottom of the 9th over - 0 runs, 0 hits, 0 errors, 1 left on base; Toledo 5 - Charlotte 0 |
|